 Dungeon Crawl Stone Soup version 0.25-a0-102-gbfa96ce22d (webtiles) character file.

Game seed: 2066029316044003783, levelgen mode: deterministic

186 vurker the Magician (level 5, -2/37 HPs)
             Began as a Mummy Fire Elementalist on Nov 15, 2019.
             Slain by a bullfrog (6 damage)
             ... on level 7 of the Dungeon.
             The game lasted 00:06:35 (4118 turns).

vurker the Magician (Mummy Fire Elementalist)       Turns: 4118, Time: 00:06:35

Health: -2/37      AC:  7    Str: 11    XL:     5   Next: 38%
Magic:  11/11      EV: 12    Int: 16    God:
Gold:   226        SH:  0    Dex: 12    Spells: 11/12 levels left

rFire    x . .     SeeInvis .   p - staff of wizardry
rCold    + . .     Gourm    .   (no shield)
rNeg     + + +     Faith    .   a - +0 robe
rPois    ∞         Spirit   .   n - +2 helmet
rElec    .         Reflect  .   (no cloak)
rCorr    .         Harm     .   f - +0 pair of gloves
MR       .....                  d - +0 pair of boots
Stlth    ++........             (no amulet)
HPRegen  0.12/turn              (no ring)
MPRegen  0.12/turn              (no ring)

@: no status effects
A: no food or potions, fire vulnerability, cold resistance 1, negative energy
resistance 3, torment resistance, unbreathing
a: no special abilities


You were on level 7 of the Dungeon.
You were not hungry.

You visited 1 branch of the dungeon, and saw 5 of its levels.

You collected 226 gold pieces.

Inventory:

Hand Weapons
 b - a +1 dagger
   (You took it off a goblin on level 1 of the Dungeon)
Armour
 a - a +0 robe (worn)
 d - a +0 pair of boots (worn)
   (You found it on level 1 of the Dungeon)
 f - a +0 pair of gloves (worn)
   (You found it on level 1 of the Dungeon)
 g - a +0 buckler
   (You found it on level 1 of the Dungeon)
 n - a +2 helmet (worn)
   (You found it on level 3 of the Dungeon)
Magical Staves
 p - an uncursed staff of wizardry (weapon)
   (You found it on level 4 of the Dungeon)
Scrolls
 c - 2 scrolls of remove curse
 e - a scroll of fog {unknown}
 h - a scroll of enchant armour {unknown}
 i - a scroll of magic mapping
 j - 2 scrolls of immolation
 k - 2 scrolls of fear
 l - a scroll of enchant weapon
 m - a scroll of blinking {unknown}
 o - a scroll of random uselessness {unknown}


   Skills:
 + Level 1.4 Fighting
 - Level 1.5 Dodging
 - Level 1.5 Stealth
 + Level 1.0 Shields
 * Level 4.2 Spellcasting
 * Level 2.3 Conjurations
 * Level 3.2 Fire Magic


You had 11 spell levels left.
You knew the following spells:

 Your Spells              Type           Power        Failure   Level  Hunger
a - Flame Tongue          Conj/Fire      ##...        2%          1    N/A

Your spell library contained the following spells:

 Spells                   Type           Power        Failure   Level  Hunger
 Throw Flame              Conj/Fire      ##....       3%          2    N/A
 Throw Frost              Conj/Ice       #.....       6%          2    N/A
 Conjure Flame            Conj/Fire      ##......     6%          3    N/A
 Freeze                   Ice            #...         7%          1    N/A
 Inner Flame              Hex/Fire       #.......     11%         3    N/A
 Ozocubu's Armour         Chrm/Ice       #.......     21%         3    N/A
 Sticky Flame             Conj/Fire      ##......     21%         4    N/A
 Throw Icicle             Conj/Ice       #.......     38%         4    N/A
 Fireball                 Conj/Fire      ##........   47%         5    N/A
 Summon Ice Beast         Ice/Summ       #.......     52%         4    N/A

Dungeon Overview and Level Annotations

Branches:
Dungeon (4/15)             Temple (0/1) D:7

Altars:
Fedhas


Innate Abilities, Weirdness & Mutations

You do not eat or drink.
Your flesh is vulnerable to fire.
You are immune to poison.
Your flesh is cold resistant. (rC+)
You are immune to negative energy. (rN+++)
You are immune to unholy pain and torment.
You can survive without breathing.


Message History

An ice beast, a hungry ghost and a wight come into view.
The wight moves out of view.
Found 18 gold pieces.
You see here 18 gold pieces.
An orc comes into view. It is wielding a +0 club.
The orc shouts!
An orc priest comes into view.
The orc moves out of view.
An orc wizard comes into view. It is wielding a +0 dagger.
Found 13 gold pieces.
Found a stone staircase leading down.
The orc wizard shouts!
An iguana comes into view.
The orc priest calls down the wrath of Beogh upon you.
Beogh smites you!
Found a forked fluorescent wand.
You see here a wand of iceblast (7).
The orc wizard casts a spell.
The orc wizard seems to speed up.
A bullfrog comes into view.
The bullfrog croaks.
The bullfrog barely misses you. The bullfrog hits you!
* * * LOW HITPOINT WARNING * * *
The bullfrog misses you. The bullfrog hits you.
* * * LOW HITPOINT WARNING * * *
The bullfrog completely misses you. The bullfrog hits you.
* * * LOW HITPOINT WARNING * * *
As you read the scroll labeled SYBUQAH INEPH, it crumbles to dust.
You feel aware of your surroundings.
It was a scroll of magic mapping.
The bullfrog hits you.
* * * LOW HITPOINT WARNING * * *
As you read the scroll labeled QUDA BAUNWELA, it crumbles to dust.
It is a scroll of enchant weapon.
Your +0 dagger glows red for a moment.
The bullfrog barely misses you. The bullfrog hits you.
* * * LOW HITPOINT WARNING * * *
The bullfrog closely misses you. The bullfrog hits you.
* * * LOW HITPOINT WARNING * * *
The bullfrog releases a deep croak.
Found 7 gold pieces.
The bullfrog hits you but does no damage.
The orc wizard mumbles some strange words.
The orc wizard flickers and vanishes!
Deactivating autopickup; reactivate with Ctrl-A.
The bullfrog barely misses you.
A bullfrog zombie comes into view.
The bullfrog hits you.
You die...

***** *.Z.########
*..........#
*..#.#.#.#.#
*..........# *
*..#.#.#.#.##
*********...........#
**,,,,,,,..#.#.#.#..#
**,,,****#......@..$#
.....# #.#.#.#F#..#
...!.# #..........#
.....# *#.##..#W...#
.....####..*##.#.####
.....#...,,,,..#.#
.......#,,,,..*#o#
.......#,,,...*#o#
.......#,,...,*#.#


You could see a hungry ghost, a bullfrog, an orc priest, an orc and a bullfrog
zombie (dormant).

Vanquished Creatures
  7 adders
  6 oozes
  3 dart slugs
  2 worms (D:3)
  7 leopard geckos
  5 giant cockroaches
  9 goblins
  5 hobgoblins
  8 jackals
  2 quokkas (D:2)
  6 bats
  7 frilled lizards
  4 kobolds
  10 rats
81 creatures vanquished.

Notes
Turn   | Place    | Note
-------+----------+-------------------------------------------
     0 | D:1      | vurker the Mummy Fire Elementalist began the quest for the
                  | Orb.
     0 | D:1      | Reached XP level 1. HP: 13/13 MP: 4/4
    78 | D:1      | Reached skill level 1 in Conjurations
   100 | D:1      | Reached skill level 3 in Spellcasting
   100 | D:1      | Reached XP level 2. HP: 19/19 MP: 0/6
  1245 | D:1      | Reached XP level 3. HP: 25/25 MP: 4/7
  1836 | D:2      | Reached skill level 1 in Fighting
  1892 | D:2      | Reached XP level 4. HP: 23/32 MP: 4/9
  2893 | D:3      | Found a blossoming altar of Fedhas.
  3171 | D:3      | Reached skill level 4 in Spellcasting
  3273 | D:3      | Reached XP level 5. HP: 37/37 MP: 7/11
  3944 | D:4      | Reached skill level 1 in Shields
  4063 | D:4      | You fall into a shaft and drop 3 floors!
  4064 | D:7      | Noticed a hungry ghost
  4064 | D:7      | Noticed an ice beast
  4118 | D:7      | Slain by a bullfrog

Levels and vault maps discovered:
D:1:      erik_arrival_cave_to_civilisation [erik_arrival_cave_to_hall],
          layout_basic
D:2:      layout_loops_ring, first_ration
D:3:      layout_basic, lemuel_tele_altar
D:4:      layout_loops_ring, minmay_bisected
D:7:      cheibrodos_steamvent, layout_basic, minmay_temple_entry_large_hall,
          serial_glass, glass_columns_b, glass_columns_b, glass_columns_a,
          glass_columns_a, glass_columns_b, glass_columns_c, glass_columns_b,
          glass_columns_a, uniq_pikel

Skill      XL: |  1  2  3  4  5 |
---------------+----------------+-----
Conjurations   | 1 2 |  2.3
Spellcasting   | 3 4 |  4.2
Fighting       | 1 |  1.4
Fire Magic     | 3 |  3.2
Shields        | 1 |  1.0
Dodging        | |  1.5
Stealth        | |  1.5

Action                   |  1- 3 |  4- 6 || total
-------------------------+-------+-------++-------
Melee: Dagger            |    20 |       ||    20
 Cast: Flame Tongue      |    66 |    98 ||   164
  Use: Scroll            |       |     6 ||     6
Armor: Robe              |    16 |    16 ||    32
Dodge: Dodged            |    33 |    49 ||    82

Table legend:
 A = Non-vault XP
 B = Vault XP
 C = Vault XP percentage of total XP
 D = Non-vault monster count
 E = Vault monster count
 F = Vault count percentage of total count
                 A         B        C        D         E       F
            +---------+---------+-------+---------+---------+-------
      Total |     262 |       4 |   1.5 |      79 |       2 |   2.5
            +---------+---------+-------+---------+---------+-------
        D:1 |      48 |       4 |   7.7 |      26 |       2 |   7.1
        D:2 |      90 |       0 |   0.0 |      24 |       0 |   0.0
        D:3 |      94 |       0 |   0.0 |      25 |       0 |   0.0
        D:4 |      30 |       0 |   0.0 |       4 |       0 |   0.0
            +---------+---------+-------+---------+---------+-------
